 Dungeon Crawl Stone Soup version 0.32-a0-702-gc29ba85809 (webtiles) character file.

Game seed: 4180091313624155584

1 IndexError the Ruffian (level 1, 16/19 HPs)
             Began as a Troll Gladiator on Mar 14, 2024.
             Quit the game on level 1 of the Dungeon.
             The game lasted 00:00:14 (58 turns).

IndexError the Ruffian (Troll Gladiator)              Turns: 58, Time: 00:00:14

Health: 16/19      AC:  4    Str: 21    XL:     1   Next: 16%
Magic:  0/0        EV:  9    Int:  4    God:
Gold:   0          SH:  0    Dex: 11    Spells: 0/0 levels left

rFire   . .          .
                       - Unarmed
rCold   . . .        (no shield)
rNeg    . . .        a - +0 robe
rPois   .            b - +0 hat
rElec   .            (no cloak)
rCorr   .            (gloves unavailable)
SInv    .            (boots unavailable)
Will    .....        (no amulet)
Stlth   +            (no ring)
HPRegen 1.03/turn    (no ring)
MPRegen 0.07/turn

%: no passive effects
@: no status effects
A: large, unfitting armour, claws 3, regeneration 1, shaggy fur 1, tough skin 1
a: no special abilities


You were on level 1 of the Dungeon.
You visited 1 branch of the dungeon, and saw 1 of its levels.

Inventory:

Missiles
 c - 3 throwing nets (quivered) {=f, !d}
 d - a large rock {!d}
Armour
 a - a +0 robe (worn)
 b - a +0 hat (worn)


   Skills:
 + Level 1.6 Fighting
 + Level 1.7 Throwing
 * Level 0.0 Armour
 - Level 2.4 Dodging
 + Level 3.0 Unarmed Combat
 * Level 0.0 Spellcasting


You couldn't memorise any spells.
You didn't know any spells.
Your spell library was empty.

Dungeon Overview and Level Annotations

Branches:
Dungeon (1/15)

Altars:


Innate Abilities, Weirdness & Mutations

You are too large for most types of armour.
You have claws for hands.
Your natural rate of healing is unusually fast.
You are covered in fur. (AC +1)
You have tough skin. (AC +1)


Message History

Bad channel name 'Jiyva says' for runrest: 'Jiyva says: Divide and consume' Welcome, IndexError the Troll Gladiator.
Below lies the Orb of Zot, rumoured to be powerful enough to resurrect a god...
Press ? for a list of commands and other information.
Found a staircase leading out of the dungeon.
You enter the shallow water.
You enter the shallow water.
An endoplasm comes into view.
No reachable target in view!
No reachable target in view!
No reachable target in view!
No reachable target in view!
The endoplasm quivers.
The endoplasm closely misses you.
You barely miss the endoplasm. The endoplasm freezes you.
You are frozen.
You take 4 damage, and have 15/19 hp.
MASSIVE DAMAGE!!
You scratch the endoplasm.
No target in view!
No target in view!
Are you sure you want to abandon this character and quit the game? (Confirm with "yes".)

.. . P≈≈≈≈≈
~≈≈≈≈≈≈≈~~♣♣
~~~≈~≈≈≈~P~~♣# #
~♣P~~≈~≈~~~~~.# #
#♣~~~~~PP♣~~♣♣.#
###.~~P~♣~~~♣P♣..#
.#..~P~P~~P~~~~♣.#
....♣♣P~P~♣~P♣P#@#
..#..~~♣~~~~~~...#
#.###..~~~~♣♣...##
#.# ###♣♣~~~#####
#.### #.♣♣.##
#...# #....# ###.#
#.#### #.# #.# #.#
#.#


There were no monsters in sight!

Vanquished Creatures
  An endoplasm (D:1)
1 creature vanquished.

Notes
Turn   | Place    | Note
-------+----------+-------------------------------------------
     0 | D:1      | IndexError the Troll Gladiator began the quest for the Orb.
     0 | D:1      | Reached XP level 1. HP: 19/19 MP: 0/0
    58 | D:1      | Quit the game

Illustrated notes

Levels and vault maps discovered:
D:1:      saegor_arrival_simple_a, layout_loops_ring, serial_bayou,
          serial_bayou_lake_a, serial_bayou_shore_a, serial_bayou_lagoon_a,
          serial_bayou_crossing, dreamdust_princess_corridor,
          chequers_mini_garden, minmay_door_square

Action                     || total
---------------------------++-------
  Melee: Unarmed           ||     2
  Dodge: Dodged            ||     1

Table legend: (Time is in decaauts)
 A = Elapsed time spent in this place.
 B = Non-inter-level travel time spent in this place.
 C = Inter-level travel time spent in this place.
 D = Time resting spent in this place.
 E = Time spent auto-exploring this place.
 F = Levels seen in this place.
 G = Mean time per level.
                   A        B        C        D        E       F      G
               +--------+--------+--------+--------+--------+-----+--------+
         Total |     58 |     58 |      0 |      0 |     45 |   1 |   58.0 |
       Dungeon |     58 |     58 |      0 |      0 |     45 |   1 |   58.0 |
               +--------+--------+--------+--------+--------+-----+--------+

Top non-repeatable levels by time:
     D:1: 58 daAuts

Levels and vault maps discovered:
D:1:      saegor_arrival_simple_a, layout_loops_ring, serial_bayou,
          serial_bayou_lake_a, serial_bayou_shore_a, serial_bayou_lagoon_a,
          serial_bayou_crossing, dreamdust_princess_corridor,
          chequers_mini_garden, minmay_door_square

Table legend: (Time is in decaauts)
 A = Elapsed time spent in this place.
 B = Non-inter-level travel time spent in this place.
 C = Inter-level travel time spent in this place.
 D = Time resting spent in this place.
 E = Time spent auto-exploring this place.
 F = Levels seen in this place.
 G = Mean time per level.
                   A        B        C        D        E       F      G
               +--------+--------+--------+--------+--------+-----+--------+
         Total |     58 |     58 |      0 |      0 |     45 |   1 |   58.0 |
       Dungeon |     58 |     58 |      0 |      0 |     45 |   1 |   58.0 |
               +--------+--------+--------+--------+--------+-----+--------+

Top non-repeatable levels by time:
     D:1: 58 daAuts

Table legend:
 A = Kills in this place as a percentage of kills in the entire game.
 B = Kills by you in this place as a percentage of kills by you in the entire game.
 C = Kills by friends in this place as a percentage of kills by friends in the entire game.
 D = Other kills in this place as a percentage of other kills in the entire game.
 E = Experience gained in this place as a percentage of experience gained in the entire game.
 F = Experience gained in this place divided by the number of levels of this place that you have seen.
                   A       B       C       D       E      F
               +-------+-------+-------+-------+-------+----------------------
         Total | 100.0 | 100.0 |   N/A |   N/A | 100.0 |   2.0
       Dungeon | 100.0 | 100.0 |   N/A |   N/A | 100.0 |   2.0
               +-------+-------+-------+-------+-------+----------------------
